EL
HARRISBURG SENATORS @ COLORADO (EL) ROCKIES
05/31/2045
 
TOP OF THE 1ST
Harrisburg Senators batting - Pitching for Colorado (EL) Rockies : LHP Randy Rowland
Pitching: LHP Randy Rowland
Batting: SHB Dan Castaneda 0-0: Called Strike
0-1: Ground out 6-3 (Groundball, 6S, EV 80.0 MPH)
Batting: RHB Pat Drader 0-0: Foul Ball, location: 2F
0-1: Ball
1-1: Ball
2-1: Ball
3-1: SINGLE (Groundball, 56D, EV 107.5 MPH)
Batting: RHB Ryan Hiemer 0-0: Ball
1-0: Ball
2-0: Called Strike
2-1: Called Strike
Pat Drader steals 2nd base
2-2: Foul Ball, location: 2F
2-2: SINGLE (Groundball, 25, EV 61.9 MPH) (infield hit)
Pat Drader to third
Batting: RHB Jon Buscher 0-0: Called Strike
0-1: Ball
1-1: Fly out, F9 (Flyball, 9LM, EV 85.6 MPH)
Runner from 3rd tags up, SCORES, no throw by RF
Batting: LHB John Luke 0-0: Ball
1-0: Called Strike
1-1: Called Strike
Pickoff Throw to First - Error! E1
Ryan Hiemer to second
1-2: Ball
2-2: Fly out, F6 (Popup, 6MD, EV 65.0 MPH)
Top of the 1st over - 1 run, 2 hits, 1 error, 1 left on base; Harrisburg 1 - Colorado (EL) 0
BOTTOM OF THE 1ST
Colorado (EL) Rockies batting - Pitching for Harrisburg Senators : RHP Sam Wood
Pitching: RHP Sam Wood
Batting: SHB Eddie Quinones 0-0: Called Strike
0-1: Foul Ball, location: 2F
0-2: Ball
1-2: Foul Ball, location: 2F
1-2: Foul Ball, location: 2F
1-2: Foul Ball, location: 2F
1-2: Foul Ball, location: 2F
1-2: SINGLE (Groundball, 34D, EV 103.8 MPH)
Pitching: RHP Isaiah Felton
Batting: LHB Eric Ludwig 0-0: Ball
Eddie Quinones steals 2nd, throwing error, E2
Eddie Quinones to third
1-0: Foul Ball, location: 2F
1-1: Foul Ball, location: 2F
1-2: Ball
2-2: 2-RUN HOME RUN (Flyball, 78XD, EV 99.4 MPH), Distance : 397 ft
Batting: SHB Chris Besselman 0-0: Called Strike
0-1: Foul Ball, location: 2F
0-2: Strikes out swinging
Batting: LHB Koson Hirai 0-0: Called Strike
0-1: Ball
1-1: DOUBLE (Flyball, 5D, EV 93.1 MPH)
Batting: RHB Eric Delgado 0-0: Ball
1-0: Ball
2-0: Foul Ball, location: 2F
2-1: Ball
3-1: Foul Ball, location: 2F
3-2: Foul Ball, location: 2F
3-2: Base on Balls
Batting: SHB Patrick Kimmel 0-0: Ball
1-0: Foul Ball, location: 2F
1-1: Ball
Koson Hirai steals 3rd base
Eric Delgado to second
2-1: Ball
3-1: Called Strike
3-2: Foul Ball, location: 2F
3-2: Ground out 4-3 (Groundball, 4, EV 105.6 MPH)
Koson Hirai scores
Eric Delgado to third
Batting: RHB Craig Gomez 0-0: Ball
1-0: Ball
2-0: Ground out 5-3 (Groundball, 5L, EV 89.4 MPH)
Bottom of the 1st over - 3 runs, 3 hits, 1 error, 1 left on base; Harrisburg 1 - Colorado (EL) 3
TOP OF THE 2ND
Harrisburg Senators batting - Pitching for Colorado (EL) Rockies : LHP Randy Rowland
Batting: RHB Deshawn Boseman 0-0: Ball
1-0: Ball
2-0: Called Strike
2-1: Ball
3-1: Foul Ball, location: 2F
3-2: Foul Ball, location: 2F
3-2: Base on Balls
Batting: RHB Tony Madrigal 0-0: Called Strike
0-1: Ball
1-1: Ball
2-1: Ball
3-1: Foul Ball, location: 2F
3-2: Base on Balls
Deshawn Boseman to second
Batting: RHB Marcus Dawson 0-0: Ball
1-0: Ball
2-0: Fly out, F3 (Line Drive, 3, EV 72.5 MPH)
Batting: RHB Travis Stanley 0-0: Ball
1-0: Ball
2-0: Called Strike
2-1: Fielders Choice at 2nd, 4-6 (Groundball, 4, EV 102.5 MPH)
Deshawn Boseman to third
Batting: SHB Dan Castaneda 0-0: Called Strike
0-1: Ground out 5-3 (Groundball, 56, EV 95.0 MPH)
Top of the 2nd over - 0 runs, 0 hits, 0 errors, 2 left on base; Harrisburg 1 - Colorado (EL) 3
BOTTOM OF THE 2ND
Colorado (EL) Rockies batting - Pitching for Harrisburg Senators : RHP Isaiah Felton
Batting: RHB Jerry Edmiston 0-0: Called Strike
0-1: Called Strike
0-2: Fly out, F3 (Line Drive, 3, EV 71.9 MPH)
Batting: RHB Steve Waltenbery 0-0: Ground out 5-3 (Groundball, 56S, EV 65.6 MPH)
Batting: SHB Eddie Quinones 0-0: Ball
1-0: Ball
2-0: Ball
3-0: Called Strike
3-1: Ground out 4-3 (Groundball, 4, EV 109.4 MPH)
Bottom of the 2nd over - 0 runs, 0 hits, 0 errors, 0 left on base; Harrisburg 1 - Colorado (EL) 3
TOP OF THE 3RD
Harrisburg Senators batting - Pitching for Colorado (EL) Rockies : LHP Randy Rowland
Batting: RHB Pat Drader 0-0: Called Strike
0-1: Swinging Strike
0-2: SINGLE (Groundball, 56D, EV 93.8 MPH)
Batting: RHB Ryan Hiemer 0-0: Called Strike
0-1: Ball
1-1: Foul Ball, location: 2F
1-2: SINGLE (Groundball, 13S, EV 64.4 MPH) (infield hit)
Pat Drader to second
Batting: RHB Jon Buscher 0-0: Called Strike
Pat Drader steals 3rd base
Ryan Hiemer to second
0-1: Ground out 6-3 (Groundball, 56, EV 82.5 MPH)
Pat Drader scores
Batting: LHB John Luke 0-0: Ball
1-0: Swinging Strike
1-1: Ball
2-1: SINGLE (Line Drive, 89M, EV 84.4 MPH)
Ryan Hiemer to third
Batting: RHB Deshawn Boseman 0-0: Foul Ball, location: 2F
0-1: Ball
1-1: Fly out, F8 (Line Drive, 8RM, EV 97.5 MPH)
Runner from 3rd tags up, SCORES, no throw by CF
Batting: RHB Tony Madrigal 0-0: Ball
1-0: Called Strike
1-1: Called Strike
1-2: Ball
2-2: Ground out 6-3 (Groundball, 6S, EV 82.5 MPH)
Top of the 3rd over - 2 runs, 3 hits, 0 errors, 1 left on base; Harrisburg 3 - Colorado (EL) 3
BOTTOM OF THE 3RD
Colorado (EL) Rockies batting - Pitching for Harrisburg Senators : RHP Isaiah Felton
Pitching: RHP Jon Baily
Batting: LHB Eric Ludwig 0-0: Ball
1-0: Ball
2-0: Foul Ball, location: 2F
2-1: Swinging Strike
2-2: Strikes out swinging
Batting: SHB Chris Besselman 0-0: Ball
1-0: Called Strike
1-1: Foul Ball, location: 2F
1-2: Ball
2-2: Foul Ball, location: 2F
2-2: Ball
3-2: SINGLE (Flyball, 7S, EV 90.0 MPH)
Batting: LHB Koson Hirai 0-0: Called Strike
0-1: Ball
1-1: Swinging Strike
1-2: Foul Ball, location: 2F
1-2: 2-RUN HOME RUN (Flyball, 9D, EV 93.8 MPH), Distance : 354 ft
Batting: RHB Eric Delgado 0-0: Ball
1-0: SINGLE (Groundball, 4MD, EV 103.8 MPH)
Batting: SHB Patrick Kimmel 0-0: Ball
Eric Delgado steals 2nd base (no throw)
1-0: Ball
2-0: Called Strike
2-1: Fly out, F5 (Flyball, 5D, EV 93.8 MPH)
Batting: RHB Craig Gomez 0-0: Called Strike
Eric Delgado steals 3rd base
0-1: Ball
1-1: Ball
2-1: SINGLE (Groundball, 56D, EV 101.9 MPH)
Eric Delgado scores
Batting: RHB Jerry Edmiston 0-0: Called Strike
0-1: Fielders Choice at 2nd, 5-4 (Groundball, 56, EV 108.1 MPH)
Bottom of the 3rd over - 3 runs, 4 hits, 0 errors, 1 left on base; Harrisburg 3 - Colorado (EL) 6
TOP OF THE 4TH
Harrisburg Senators batting - Pitching for Colorado (EL) Rockies : LHP Randy Rowland
Batting: RHB Marcus Dawson 0-0: Ground out U3 (Groundball, 34, EV 101.9 MPH)
Batting: RHB Travis Stanley 0-0: Ball
1-0: Ball
2-0: Ball
3-0: Base on Balls
Batting: SHB Dan Castaneda 0-0: Called Strike
0-1: Foul Ball, location: 2F
0-2: Foul Ball, location: 2F
0-2: Foul Ball, location: 2F
0-2: Strikes out swinging
Batting: RHB Pat Drader 0-0: Foul Ball, location: 2F
0-1: Ball
1-1: Ball
2-1: Swinging Strike
2-2: Ball
3-2: Strikes out swinging
Top of the 4th over - 0 runs, 0 hits, 0 errors, 1 left on base; Harrisburg 3 - Colorado (EL) 6
BOTTOM OF THE 4TH
Colorado (EL) Rockies batting - Pitching for Harrisburg Senators : RHP Jon Baily
Batting: RHB Steve Waltenbery 0-0: Ball
1-0: Foul Ball, location: 2F
1-1: Ball
2-1: Foul Ball, location: 2F
2-2: Ball
3-2: Base on Balls
Pitching: RHP Danny Hoekenga
Batting: SHB Eddie Quinones 0-0: Fly out, F6 (Popup, 6M, EV 77.5 MPH)
Batting: LHB Eric Ludwig 0-0: Called Strike
Steve Waltenbery steals 2nd base
0-1: Called Strike
0-2: Ball
1-2: Ball
2-2: Ball
3-2: Foul Ball, location: 2F
3-2: Strikes out swinging
Batting: SHB Chris Besselman 0-0: Ball
1-0: Ball
2-0: Ball
3-0: Called Strike
3-1: Base on Balls
Batting: LHB Koson Hirai 0-0: Called Strike
0-1: Called Strike
0-2: Ball
1-2: SINGLE (Line Drive, 7S, EV 110.6 MPH)
Steve Waltenbery to third
Chris Besselman to second
Runner from 3rd tries for Home, throw by LF and OUT! 7-2
Bottom of the 4th over - 0 runs, 1 hit, 0 errors, 2 left on base; Harrisburg 3 - Colorado (EL) 6
TOP OF THE 5TH
Harrisburg Senators batting - Pitching for Colorado (EL) Rockies : LHP Randy Rowland
Batting: RHB Ryan Hiemer 0-0: Called Strike
0-1: Called Strike
0-2: Strikes out swinging
Batting: RHB Jon Buscher 0-0: Ball
1-0: SINGLE (Groundball, 34D, EV 107.5 MPH)
Batting: LHB John Luke 0-0: Called Strike
0-1: Swinging Strike
0-2: Grounds out, U3 (Groundball, 3L, EV 98.1 MPH)
Batting: RHB Deshawn Boseman 0-0: Called Strike
0-1: Called Strike
0-2: Strikes out swinging
Top of the 5th over - 0 runs, 1 hit, 0 errors, 1 left on base; Harrisburg 3 - Colorado (EL) 6
BOTTOM OF THE 5TH
Colorado (EL) Rockies batting - Pitching for Harrisburg Senators : RHP Danny Hoekenga
Batting: RHB Eric Delgado 0-0: SINGLE (Groundball, 5D, EV 99.4 MPH)
Batting: SHB Patrick Kimmel 0-0: Ball
1-0: Called Strike
1-1: Ball
Eric Delgado steals 2nd base
2-1: Ball
3-1: Base on Balls
Batting: RHB Craig Gomez 0-0: SINGLE (Groundball, 6MD, EV 94.4 MPH)
Eric Delgado to third
Patrick Kimmel to second
Runner from 3rd tries for Home, SAFE, throw by CF to home
Patrick Kimmel to third
Craig Gomez to second
Batting: RHB Jerry Edmiston 0-0: Ball
1-0: Ball
2-0: Fly out, F8 (Flyball, 8RXD, EV 100.6 MPH)
Runner from 3rd tags up, SCORES, no throw by CF
Craig Gomez to third
Pitching: RHP Alpha Miller
Batting: RHB Steve Waltenbery 0-0: Ball
1-0: Foul Ball, location: 2F
1-1: Ground out 6-3 (Groundball, 6, EV 106.9 MPH)
Craig Gomez scores
Batting: SHB Eddie Quinones 0-0: Foul Ball, location: 2F
0-1: Ball
1-1: Foul Ball, location: 2F
1-2: Ball
2-2: SINGLE (Line Drive, 4D, EV 102.5 MPH)
Batting: LHB Eric Ludwig 0-0: Called Strike
0-1: Ground out 4-3 (Groundball, 34, EV 83.8 MPH)
Bottom of the 5th over - 3 runs, 3 hits, 0 errors, 1 left on base; Harrisburg 3 - Colorado (EL) 9
TOP OF THE 6TH
Harrisburg Senators batting - Pitching for Colorado (EL) Rockies : LHP Randy Rowland
Batting: RHB Tony Madrigal 0-0: Called Strike
0-1: Ball
1-1: Foul Ball, location: 2F
1-2: Ball
2-2: Foul Ball, location: 2F
2-2: Ball
3-2: Strikes out swinging
Batting: RHB Marcus Dawson 0-0: Swinging Strike
0-1: Swinging Strike
0-2: Ball
1-2: Strikes out swinging
Batting: RHB Travis Stanley 0-0: Ball
1-0: Ball
2-0: Ball
3-0: Called Strike
3-1: Fly out, F9 (Flyball, 89M, EV 81.9 MPH)
Top of the 6th over - 0 runs, 0 hits, 0 errors, 0 left on base; Harrisburg 3 - Colorado (EL) 9
BOTTOM OF THE 6TH
Colorado (EL) Rockies batting - Pitching for Harrisburg Senators : RHP Alpha Miller
Batting: SHB Chris Besselman 0-0: Foul Ball, location: 2F
0-1: Called Strike
0-2: Ball
1-2: Ball
2-2: Reached on error, E4 (Groundball, 4, EV 81.9 MPH)
Batting: LHB Koson Hirai 0-0: Ball
1-0: SINGLE (Groundball, 6MD, EV 100.6 MPH)
Chris Besselman to second
Batting: RHB Eric Delgado 0-0: Foul Ball, location: 2F
0-1: Ball
1-1: Ball
2-1: SINGLE (Line Drive, 9S, EV 111.2 MPH)
Chris Besselman to third
Koson Hirai to second
Batting: SHB Patrick Kimmel 0-0: Ball
1-0: SINGLE (Flyball, 56D, EV 90.0 MPH)
Chris Besselman scores
Koson Hirai to third
Eric Delgado to second
Batting: RHB Craig Gomez 0-0: Called Strike
0-1: Foul Ball, location: 2F
0-2: Ground out 4-3 (Groundball, 4M, EV 105.0 MPH)
Koson Hirai scores
Eric Delgado to third
Patrick Kimmel to second
Batting: RHB Jerry Edmiston 0-0: Ball
1-0: Ball
2-0: Fly out, F9 (Flyball, 9, EV 90.0 MPH)
Batting: RHB Steve Waltenbery 0-0: Called Strike
0-1: Called Strike
0-2: Ball
1-2: Foul Ball, location: 2F
1-2: Strikes out swinging
Bottom of the 6th over - 2 runs, 3 hits, 1 error, 2 left on base; Harrisburg 3 - Colorado (EL) 11
TOP OF THE 7TH
Harrisburg Senators batting - Pitching for Colorado (EL) Rockies : LHP Randy Rowland
Pitching: LHP Su-wu Pi
Batting: SHB Dan Castaneda 0-0: Called Strike
0-1: Foul Ball, location: 2F
0-2: Ball
1-2: Ball
2-2: Ball
3-2: Fly out, F8 (Flyball, 8RM, EV 92.5 MPH)
Batting: RHB Pat Drader 0-0: Called Strike
0-1: Ball
1-1: Ball
2-1: Ground out 1-3 (Groundball, P, EV 74.4 MPH)
Batting: RHB Ryan Hiemer 0-0: Ball
1-0: Ball
2-0: Ball
3-0: Called Strike
3-1: Called Strike
3-2: Base on Balls
Batting: RHB Jon Buscher 0-0: Ball
1-0: Foul Ball, location: 2F
1-1: Ball
2-1: Ball
3-1: SINGLE (Groundball, 6MD, EV 101.2 MPH)
Ryan Hiemer to second
Batting: LHB John Luke 0-0: Ball
1-0: Ball
2-0: Ball
3-0: Called Strike
3-1: Ground out U3 (Groundball, 3, EV 89.4 MPH)
Top of the 7th over - 0 runs, 1 hit, 0 errors, 2 left on base; Harrisburg 3 - Colorado (EL) 11
BOTTOM OF THE 7TH
Colorado (EL) Rockies batting - Pitching for Harrisburg Senators : RHP Alpha Miller
Batting: SHB Eddie Quinones 0-0: Ball
1-0: Ball
2-0: Ball
3-0: Foul Ball, location: 2F
3-1: Base on Balls
Pitching: LHP Kyle Bachman
Batting: LHB Eric Ludwig 0-0: Ball
1-0: Called Strike
1-1: Ball
2-1: Ball
3-1: Ground out 3-1 (Groundball, 34S, EV 82.5 MPH)
Eddie Quinones to second
Batting: SHB Chris Besselman 0-0: Swinging Strike
0-1: Ball
1-1: Ball
2-1: Foul Ball, location: 2F
2-2: Fly out, F7 (Line Drive, 7, EV 92.5 MPH)
Batting: LHB Koson Hirai 0-0: Called Strike
0-1: Foul Ball, location: 2F
0-2: Foul Ball, location: 2F
0-2: Foul Ball, location: 2F
0-2: Strikes out swinging
Bottom of the 7th over - 0 runs, 0 hits, 0 errors, 1 left on base; Harrisburg 3 - Colorado (EL) 11
TOP OF THE 8TH
Harrisburg Senators batting - Pitching for Colorado (EL) Rockies : LHP Su-wu Pi
Batting: RHB Deshawn Boseman 0-0: Ball
1-0: Ball
2-0: Ball
3-0: Base on Balls
Batting: RHB Tony Madrigal 0-0: Foul Ball, location: 2F
0-1: Ball
1-1: Swinging Strike
1-2: Ball
2-2: Fly out, F9 (Flyball, 9LS, EV 80.0 MPH)
Batting: RHB Marcus Dawson 0-0: Ball
1-0: Called Strike
1-1: Foul Ball, location: 2F
1-2: Ball
2-2: Fly out, F4 (Popup, 34S, EV 73.8 MPH)
Batting: RHB Travis Stanley 0-0: Ball
1-0: Called Strike
1-1: Foul Ball, location: 2F
1-2: Foul Ball, location: 2F
1-2: Ball
2-2: Ball
3-2: Foul Ball, location: 2F
3-2: Base on Balls
Deshawn Boseman to second
Batting: SHB Dan Castaneda 0-0: Ball
1-0: Called Strike
1-1: SINGLE (Groundball, 56D, EV 104.4 MPH)
Deshawn Boseman to third
Travis Stanley to second
Throwing error, E7
Deshawn Boseman scores
Travis Stanley to third
Dan Castaneda to second
Batting: RHB Pat Drader 0-0: Ball
Wild Pitch!
Travis Stanley scores
Dan Castaneda to third
1-0: Ball
2-0: Fly out, F4 (Line Drive, 4, EV 71.2 MPH)
Top of the 8th over - 2 runs, 1 hit, 1 error, 1 left on base; Harrisburg 5 - Colorado (EL) 11
BOTTOM OF THE 8TH
Colorado (EL) Rockies batting - Pitching for Harrisburg Senators : LHP Kyle Bachman
Batting: RHB Eric Delgado 0-0: Ball
1-0: Called Strike
1-1: Called Strike
1-2: Ball
2-2: Ball
3-2: Base on Balls
Pitching: RHP Manny Arguelles
Batting: SHB Patrick Kimmel 0-0: Ball
1-0: Foul Ball, location: 2F
1-1: Fly out, F7 (Flyball, 78S, EV 91.9 MPH)
Batting: RHB Craig Gomez 0-0: Ball
1-0: Ball
2-0: Called Strike
2-1: Called Strike
Eric Delgado steals 2nd, throwing error, E2
Eric Delgado to third
2-2: Foul Ball, location: 2F
2-2: Ball
3-2: Strikes out looking
Batting: RHB Jerry Edmiston 0-0: Ball
1-0: Ball
2-0: Ground out 4-3 (Groundball, 4, EV 106.2 MPH)
Bottom of the 8th over - 0 runs, 0 hits, 1 error, 1 left on base; Harrisburg 5 - Colorado (EL) 11
TOP OF THE 9TH
Harrisburg Senators batting - Pitching for Colorado (EL) Rockies : LHP Su-wu Pi
Batting: RHB Ryan Hiemer 0-0: Foul Ball, location: 2F
0-1: Foul Ball, location: 2F
0-2: Ball
1-2: Ball
2-2: Strikes out looking
Batting: RHB Jon Buscher 0-0: Ball
1-0: Foul Ball, location: 2F
1-1: Ground out 5-3 (Groundball, 56, EV 83.1 MPH)
Batting: LHB John Luke 0-0: Called Strike
0-1: Foul Ball, location: 2F
0-2: Ground out 6-3 (Groundball, 6, EV 90.6 MPH)
Top of the 9th over - 0 runs, 0 hits, 0 errors, 0 left on base; Harrisburg 5 - Colorado (EL) 11
Wednesday, June 22nd , 2022 - OOTP Baseball 23.4 Build 64